Map: Site Delta LE

Players

Wayne (Vanya) - Winner!

  • Race: Zerg Zerg
  • Spawn Location: 11:00

move (MilkiCow)

  • Race: Terran Terran
  • League: Grandmaster
  • Spawn Location: 5:00

VOD

Have the link to the VOD?

Description

Time

  • Played on: Nov. 21, 2023, 10:43 a.m.
  • Length: 16:34
Show
View Real Time Build Order
Export as new Build Order

Wayne Zerg - Winner!

Build Orders: Hatch First 

Get SALT Encoding   

  12  0:00  Drone  
  13  0:12  Overlord  
  13  0:16  Drone  
  14  0:30  Drone x2  
  16  0:47  Hatchery  
  15  0:51  Drone  
  15  0:54  Drone  
  17  0:57  Drone  
  18  1:07  Extractor  
  17  1:12  Spawning Pool  
  17  1:15  Drone  
  17  1:19  Drone  
  18  1:29  Drone  
  19  1:59  Zergling x4  
  19  2:00  Zergling x2  
  21  2:01  Queen x2  
  25  2:11  Overlord  
  23  2:16  Zergling x4  
  24  2:26  Drone x2  
  25  2:32  Drone  
  25  2:37  Drone  
  26  2:45  Metabolic Boost  
  25  2:52  Drone  
  25  2:53  Drone  
  25  2:54  Drone  
  25  2:55  Drone  
  29  3:13  Queen  
  29  3:15  Drone x2, Overlord  
  33  3:23  Zergling x4  
  35  3:32  Overlord  
  35  3:35  Drone  
  35  3:38  Zergling x2  
  35  3:39  Zergling x4  
  39  3:53  Queen  
  42  3:55  Drone x2  
  42  3:58  Drone x2  
  42  4:01  Lair  
  45  4:04  Extractor  
  45  4:05  Drone x3  
  47  4:14  Overlord  
  44  4:20  Drone x3  
  44  4:21  Drone x2  
  44  4:22  Drone x2  
  49  4:29  Drone  
  49  4:30  Drone  
  51  4:39  Queen  
  51  4:42  Extractor  
  51  4:43  Extractor  
  51  4:51  Overlord  
  51  4:52  Zergling x10  
  56  5:00  Drone  
  56  5:01  Drone  
  56  5:03  Spire  
  57  5:10  Overseer  
  57  5:12  Drone  
  57  5:13  Spore Crawler, Drone x3  
  60  5:15  Drone x3  
  63  5:33  Hatchery  
  62  5:42  Baneling Nest  
  62  5:44  Drone x2, Overlord x2  
  63  5:52  Drone, Overlord  
  63  6:16  Mutalisk x7  
  77  6:27  Drone x4  
  77  6:28  Centrifugal Hooks  
  81  6:38  Overlord x2  
  81  6:39  Extractor  
  79  6:40  Drone x3  
  82  6:49  Overlord  
  82  6:56  Mutalisk x3  
  82  6:57  Zergling x2  
  82  6:58  Zergling x4  
  91  7:07  Drone x2  
  93  7:10  Evolution Chamber, Extractor  
  91  7:16  Drone x2  
  91  7:18  Drone x2  
  91  7:20  Zerg Flyer Weapons Level 1  
  91  7:21  Hatchery  
  91  7:22  Overseer  
  94  7:23  Drone x6  
  94  7:24  Drone x2  
  94  7:28  Spore Crawler, Drone  
  102  7:37  Overlord  
  102  7:41  Drone x3  
  102  7:42  Drone  
  102  7:44  Zerg Ground Armor Level 1, Evolution Chamber  
  105  7:49  Baneling x4  
  105  7:50  Baneling  
  105  7:55  Zergling x12  
  111  8:03  Mutalisk  
  111  8:04  Mutalisk x3  
  119  8:10  Zerg Melee Weapons Level 1  
  119  8:12  Drone x3, Overlord  
  122  8:15  Drone x2  
  122  8:16  Drone  
  122  8:19  Baneling  
  125  8:20  Overseer  
  125  8:23  Drone x2, Extractor  
  125  8:24  Drone, Overlord  
  127  8:28  Zergling x4  
  127  8:29  Overlord  
  127  8:30  Overlord  
  127  8:37  Zergling x10  
  127  8:40  Pneumatized Carapace  
  132  8:43  Baneling  
  132  8:44  Baneling x4  
  132  8:51  Zergling x16  
  140  9:00  Zergling x14  
  140  9:01  Baneling  
  140  9:02  Baneling x12  
  147  9:08  Overseer  
  147  9:13  Zergling x14  
  147  9:15  Baneling x7  
  145  9:25  Overlord  
  145  9:28  Baneling x10  
  145  9:29  Zergling x14  
  132  9:39  Zergling x6  
  132  9:40  Zergling x10  
  137  9:47  Baneling x6  
  137  9:49  Zergling x2  
  137  9:50  Zergling x6  
  141  9:55  Zergling x14  
  143  10:06  Mutalisk x6  
  151  10:16  Zerg Flyer Weapons Level 2  
  151  10:20  Hatchery, Mutalisk x3  
  156  10:25  Zergling x12  
  162  10:33  Overlord  
  162  10:37  Overlord x5  
  162  10:44  Zerg Melee Weapons Level 2  
  162  10:45  Zerg Ground Armor Level 2  
  162  10:54  Zergling x12  
  162  10:55  Infestation Pit  
  164  11:04  Mutalisk  
  164  11:05  Mutalisk x4  
  174  11:13  Zergling x2  
  174  11:14  Zergling x20  
  184  11:19  Drone  
  184  11:20  Extractor  
  184  11:21  Drone x3  
  184  11:22  Drone  
  184  11:24  Baneling x2  
  184  11:25  Baneling x9  
  188  11:33  Hive  
  188  11:37  Zergling x14  
  195  11:45  Baneling x4  
  195  11:49  Zergling x4  
  195  11:50  Zergling x4  
  199  11:54  Baneling x7  
  189  12:07  Drone  
  189  12:08  Drone x7  
  191  12:09  Mutalisk x3  
  182  12:27  Zergling x6  
  182  12:28  Zergling x18  
  184  12:32  Zerg Flyer Armor Level 1  
  184  12:35  Zergling x28  
  192  12:45  Overlord  
  192  12:46  Overseer x2  
  192  12:49  Adrenal Glands  
  191  12:52  Zergling x18  
  199  13:01  Drone  
  199  13:02  Ultralisk Cavern  
  199  13:08  Hatchery  
  199  13:10  Zerg Melee Weapons Level 3, Zerg Ground Armor Level 3  
  193  13:13  Zergling x14  
  197  13:20  Baneling x3  
  197  13:21  Baneling x2  
  179  13:31  Zergling x8  
  179  13:32  Zergling x26  
  195  13:34  Baneling x9  
  195  13:35  Baneling x5  
  166  13:41  Zergling x20  
  166  13:45  Baneling x8  
  174  13:48  Zergling x2  
  174  13:49  Zergling x10  
  174  13:54  Chitinous Plating  
  178  14:00  Ultralisk  
  184  14:05  Ultralisk  
  190  14:13  Ultralisk  
  192  14:31  Zergling x22  
  184  14:44  Zergling x28  
  197  14:46  Baneling x6  
  197  14:48  Drone x2  
  199  15:02  Infestor  
  199  15:13  Anabolic Synthesis  
  199  15:20  Infestor  
  200  15:21  Ultralisk x3  
  200  15:27  Overseer  
  192  15:44  Overseer x2  
  192  15:48  Zergling x16  
  200  16:01  Zergling x6  
  199  16:11  Overlord  
  185  16:12  Zergling x12  
  185  16:13  Overlord  
  185  16:15  Overlord  
Show
View Real Time Build Order
Export as new Build Order

move Terran 

Build Orders:  

Get SALT Encoding   

  12  0:00  SCV  
  13  0:13  SCV  
  14  0:17  Supply Depot  
  14  0:26  SCV  
  15  0:40  Barracks  
  15  0:49  Barracks  
  15  0:54  SCV  
  16  0:59  Refinery  
  16  1:06  SCV  
  17  1:19  SCV  
  18  1:28  Marine  
  18  1:31  Orbital Command  
  19  1:37  Marine  
  20  1:44  Supply Depot  
  20  1:46  Reaper  
  21  2:00  SCV  
  22  2:01  Reaper  
  22  2:05  Bunker  
  22  2:12  SCV  
  22  2:21  Reaper  
  23  2:24  SCV  
  23  2:36  SCV  
  23  2:39  Reaper  
  24  2:47  Command Center  
  24  2:48  SCV  
  25  2:56  Reaper  
  25  3:00  SCV  
  26  3:06  Command Center  
  26  3:12  SCV  
  27  3:13  Refinery  
  28  3:21  Supply Depot  
  27  3:27  SCV  
  27  3:32  Reaper  
  29  3:39  SCV  
  29  3:47  Factory  
  29  3:52  SCV  
  30  3:59  Orbital Command  
  30  4:04  SCV  
  30  4:06  Factory  
  31  4:16  SCV  
  30  4:25  Orbital Command  
  30  4:27  SCV  
  30  4:28  Supply Depot, SCV  
  30  4:32  Hellion  
  32  4:39  SCV  
  32  4:40  SCV  
  34  4:46  Barracks Reactor  
  34  4:50  Factory Reactor  
  34  4:51  SCV  
  34  4:52  SCV x2  
  37  4:54  Factory Tech Lab  
  37  5:03  SCV  
  37  5:04  SCV x2  
  40  5:09  Barracks Tech Lab  
  40  5:11  Supply Depot  
  40  5:13  Infernal Pre-Igniter  
  40  5:14  Hellion  
  40  5:15  SCV  
  40  5:17  SCV  
  40  5:19  SCV  
  45  5:27  Hellion x2  
  50  5:29  Supply Depot, SCV  
  50  5:30  Marine  
  50  5:32  Marine, Stimpack  
  50  5:33  Marine  
  54  5:40  Hellion  
  54  5:41  Starport  
  54  5:42  SCV x2  
  57  5:48  SCV, Marine, Hellion  
  61  5:50  Marine, Refinery  
  61  5:52  Marine, Hellion  
  61  5:55  SCV  
  66  5:59  Supply Depot  
  66  6:00  SCV  
  66  6:01  SCV  
  68  6:05  Siege Tank, Marine  
  68  6:08  Marine, Armory  
  73  6:11  SCV  
  73  6:15  Marine, Engineering Bay  
  73  6:17  SCV, Refinery  
  76  6:21  Supply Depot  
  76  6:23  Marine, Medivac  
  79  6:27  SCV, Marine  
  79  6:30  Widow Mine  
  79  6:32  SCV  
  84  6:33  Marine, Widow Mine  
  87  6:40  Orbital Command, SCV  
  87  6:41  Marine  
  87  6:43  Supply Depot, Terran Infantry Weapons Level 1  
  87  6:44  SCV  
  87  6:45  Marine  
  91  6:51  Marine  
  91  6:52  SCV  
  91  6:53  Widow Mine  
  91  6:54  Widow Mine  
  97  6:56  SCV  
  97  6:57  Drilling Claws  
  97  6:59  Marine  
  97  7:02  Missile Turret x2  
  97  7:03  Marine  
  97  7:04  SCV  
  97  7:06  SCV, Missile Turret  
  97  7:08  Starport Reactor, Widow Mine  
  100  7:15  Marine  
  99  7:17  Marine  
  99  7:21  Marine, Thor  
  99  7:22  Widow Mine  
  110  7:23  SCV  
  110  7:26  SCV  
  110  7:28  Supply Depot  
  112  7:33  Marine  
  112  7:36  Marine  
  112  7:37  SCV  
  112  7:38  Marine, Widow Mine  
  112  7:39  Combat Shield  
  112  7:41  SCV  
  112  7:43  Supply Depot  
  113  7:45  SCV  
  113  7:46  Barracks  
  114  7:51  Marine  
  114  7:54  Supply Depot  
  114  7:56  Medivac  
  114  7:57  Widow Mine, Medivac  
  121  7:59  SCV x2  
  121  8:03  SCV, Barracks  
  121  8:04  Supply Depot, Barracks  
  121  8:05  Marine  
  122  8:06  Supply Depot  
  122  8:08  Marine  
  122  8:09  Supply Depot  
  122  8:12  SCV  
  124  8:13  Engineering Bay  
  124  8:17  Marine  
  125  8:24  Thor  
  125  8:25  Widow Mine  
  125  8:26  Widow Mine  
  135  8:29  Supply Depot  
  135  8:30  Supply Depot  
  136  8:34  SCV  
  136  8:35  SCV  
  136  8:37  SCV  
  136  8:38  Marine  
  136  8:41  Marine  
  140  8:43  Marine  
  140  8:44  Marine  
  142  8:49  Command Center  
  142  8:50  Supply Depot x2, Refinery  
  142  8:55  Terran Infantry Weapons Level 2  
  143  8:56  Marine  
  143  8:57  Barracks Reactor x2  
  143  8:58  Marine  
  143  8:59  Terran Infantry Armor Level 1  
  143  9:01  Marine  
  143  9:02  Marine  
  146  9:07  Widow Mine  
  146  9:08  SCV  
  149  9:14  Marine  
  149  9:16  Marine  
  151  9:18  Marine  
  151  9:20  Marine  
  130  9:32  Marine  
  130  9:33  Marine x2  
  130  9:34  Marine x2  
  130  9:36  Marine x2  
  130  9:37  Marine  
  114  9:39  SCV  
  114  9:44  Thor, Medivac x2  
  120  9:49  SCV, Marine  
  120  9:51  SCV, Marine x2, Widow Mine x2  
  120  9:52  Marine x2  
  126  9:53  Marine  
  126  9:54  Marine  
  126  9:55  Marine  
  120  10:02  SCV  
  120  10:06  Barracks  
  116  10:07  Marine  
  116  10:09  Marine x2  
  116  10:10  Marine x2  
  116  10:11  Marine  
  116  10:12  Marine  
  116  10:14  Marauder, Medivac  
  118  10:18  SCV  
  117  10:22  Missile Turret  
  117  10:25  Marine  
  117  10:26  SCV  
  117  10:27  Marine x4  
  117  10:28  SCV, Widow Mine  
  126  10:31  SCV  
  126  10:33  Widow Mine  
  126  10:35  Marine, Marauder  
  131  10:39  Supply Depot  
  132  10:43  Widow Mine  
  132  10:47  Marine x2  
  134  10:52  SCV x2  
  134  10:54  Terran Infantry Armor Level 2  
  134  10:55  Widow Mine  
  134  10:56  Marine, Marauder  
  141  11:04  Missile Turret x2  
  141  11:06  Marine  
  141  11:09  Marine x2  
  141  11:10  Marine x2  
  146  11:11  Barracks Tech Lab x2  
  146  11:12  Widow Mine x2  
  146  11:13  SCV  
  146  11:18  Marauder  
  153  11:19  SCV  
  153  11:21  Marine  
  153  11:22  SCV  
  153  11:24  Marine  
  153  11:25  Sensor Tower  
  157  11:27  Marine  
  157  11:28  Missile Turret  
  157  11:29  Missile Turret  
  157  11:30  Marine  
  157  11:31  Marine  
  159  11:34  Widow Mine x2  
  159  11:36  Marine x3  
  159  11:37  Planetary Fortress  
  159  11:38  SCV  
  159  11:39  Marauder  
  168  11:40  SCV  
  168  11:41  SCV, Marine, Command Center  
  168  11:44  Marine  
  172  11:50  SCV  
  172  11:51  Marine  
  172  11:53  SCV x2  
  175  11:54  Marauder  
  175  11:57  Marine  
  169  12:02  SCV  
  169  12:03  Sensor Tower  
  169  12:05  SCV x2, Marine, Missile Turret, Marauder  
  169  12:08  Marine, Marauder  
  174  12:10  Marine  
  174  12:14  SCV  
  174  12:15  Marine, Medivac x2  
  176  12:16  Marauder  
  176  12:17  Widow Mine x2  
  176  12:18  SCV  
  176  12:20  Marine  
  182  12:25  Marine  
  182  12:26  Marine, Marauder  
  182  12:27  SCV  
  185  12:30  Marauder  
  185  12:34  Marine x2  
  185  12:35  Marine  
  182  12:37  Marauder  
  182  12:39  Marine  
  182  12:41  Widow Mine  
  182  12:42  SCV  
  182  12:43  Supply Depot, Marine  
  182  12:44  Supply Depot  
  187  12:45  SCV  
  187  12:50  Supply Depot  
  188  12:52  Marine  
  188  12:53  Marine, Marauder  
  192  12:59  Marine x3, Terran Infantry Weapons Level 3  
  192  13:04  Marine  
  192  13:05  SCV, Marauder  
  198  13:08  Missile Turret x2  
  199  13:15  Marine, Missile Turret x2  
  197  13:21  Marine  
  197  13:22  Marine, Marauder  
  197  13:23  Marine  
  198  13:30  Marine  
  198  13:34  Marauder  
  182  13:41  Marine  
  182  13:42  Marauder  
  182  13:45  Marine x4, Missile Turret  
  182  13:46  Marauder  
  182  13:48  Marine, Widow Mine  
  176  13:49  SCV  
  176  13:55  Marauder  
  175  13:59  Marine, Widow Mine  
  175  14:01  Planetary Fortress  
  175  14:02  SCV  
  179  14:03  Marine x3  
  179  14:04  SCV  
  179  14:05  SCV  
  179  14:07  Marine  
  179  14:08  Marine, Marauder  
  189  14:13  SCV  
  189  14:16  SCV  
  189  14:17  Marine x3  
  190  14:20  Thor  
  198  14:27  SCV  
  198  14:28  Marine  
  198  14:29  Marine  
  194  14:35  Marine  
  187  14:39  Marine  
  187  14:40  Marine x2  
  187  14:41  Marauder  
  187  14:42  Marine, Marauder  
  187  14:43  Hellion, Widow Mine  
  190  14:46  SCV, Marine  
  190  14:47  Marine  
  190  14:51  SCV  
  192  14:53  Marine  
  192  14:55  Medivac x2  
  197  15:00  Marine, Marauder  
  197  15:03  Widow Mine  
  197  15:05  Ghost Academy  
  199  15:08  Marine  
  199  15:09  Command Center  
  198  15:16  Command Center  
  179  15:23  Marine  
  179  15:24  Marauder  
  179  15:25  Concussive Shells, Marine, Medivac  
  179  15:27  Marine  
  186  15:28  Marine  
  186  15:29  SCV  
  186  15:31  Marine, Refinery  
  186  15:33  SCV x4, Refinery  
  186  15:34  Refinery  
  193  15:49  Marine x2, Marauder  
  196  15:50  Marauder  
  194  15:59  Marine, Marauder  
  194  16:01  Marine x2  
  194  16:02  SCV x3  
  194  16:04  Marine  
  180  16:06  Marine  
  180  16:09  Marine  
  180  16:11  Marauder x2  
  176  16:12  SCV  
  176  16:15  SCV  
Tags
 
Add a new tag
Caveats
  • Supply blocks, unpowered buildings, or Contaminate may cause inaccurate times.
  • Supply counts are checked every 10 seconds.